 Dungeon Crawl Stone Soup version 0.28-a0-653-g7e9dba17c3 (webtiles) character file.

Game seed: 10407468210732161417

51 Gargoyl the Ducker (level 3, 0/17 HPs)
             Began as a Felid Abyssal Knight on Oct 12, 2021.
             Was a Follower of Lugonu.
             Succumbed to Jessica's poison
             ... on level 2 of the Dungeon.
             The game lasted 00:01:39 (1800 turns).

Gargoyl the Ducker (Felid Abyssal Knight)           Turns: 1800, Time: 00:01:40

Health: 0/17       AC:  1    Str: 10      XL:     3   Next: 58%
Magic:  5/5        EV: 18    Int: 10 (11) God:    Lugonu [*.....]
Gold:   140        SH:  0    Dex: 16      Spells: 2/2 levels left
                                        Lives:  0   Deaths: 0

rFire   . . .      SeeInvis +     - Unarmed
rCold   . . .      Faith    .   (shield unavailable)
rNeg    . . .      Spirit   .   (armour unavailable)
rPois   .          Reflect  .   (helmet unavailable)
rElec   .          Harm     .   (cloak unavailable)
rCorr   .          Rampage  .   (gloves unavailable)
Will    .....                   (boots unavailable)
Stlth   ++........              (no amulet)
HPRegen 0.05/turn               (no ring)
MPRegen 0.09/turn               (no ring)

@: lethally poisoned (0 -> -4), on berserk cooldown, slowed, slow
A: very small, claws 1, fangs 3, see invisible, speed 1, shaggy fur 1, stealthy
paws, no weapons or thrown items, no armour, multi-lived, inability to read
while threatened
a: Renounce Religion, Depart the Abyss


You were on level 2 of the Dungeon.
You worshipped Lugonu.
Lugonu was aware of your devotion.
You visited 1 branch of the dungeon, and saw 2 of its levels.
You visited the Abyss 1 time.

You collected 140 gold pieces.

Inventory:

Jewellery
 a - a +6 ring of dexterity


   Skills:
 + Level 3.6 Fighting
 + Level 3.6 Dodging
 + Level 1.5 Stealth
 + Level 2.8 Unarmed Combat
 + Level 1.9 Invocations


You had 2 spell levels left.
You didn't know any spells.
Your spell library was empty.

Dungeon Overview and Level Annotations

Branches:
Dungeon (2/15)

Altars:


Innate Abilities, Weirdness & Mutations

You have sharp claws.
You have razor-sharp teeth.
You have supernaturally acute eyesight. (SInv)
You cover ground quickly. (Speed+)
You are covered in fur. (AC +1)
Your paws help you pounce on unaware monsters.
You are incapable of wielding weapons or throwing items.
You cannot wear armour.
You gain extra lives every three experience levels.
You sometimes lose the ability to read scrolls when taking damage.


Message History

You feel yourself moving faster!
You feel mighty! Jessica gestures at you while chanting.
You resist with some effort.
You barely miss Jessica.
You can read scrolls again.
You scratch Jessica.
Jessica is lightly wounded.
Jessica hits you with a +0 dagger of venom.
You feel threatened and lose the ability to read scrolls!
You are lethally poisoned!
You scratch Jessica. You bite Jessica.
You kill Jessica!
Lugonu accepts your kill.
* * * LOW HITPOINT WARNING * * *
You feel sick.
You feel your intelligence returning.
You have reached level 3!
Your experience leads to an increase in your attributes!
Your base attributes are Str 9, Int 11, Dex 16.
Increase (S)trength, (I)ntelligence, or (D)exterity?
You feel stronger.
Unknown command.
* * * LOW HITPOINT WARNING * * *
You feel sick.
There is an open door here.
Items here: )) [ ††.
Okay, then.
You feel a strong urge to attack something.
* * * LOW HITPOINT WARNING * * *
You feel sick.
* * * LOW HITPOINT WARNING * * *
You feel sick.
You feel your anger nearly subside.
You are no longer berserk.
You are exhausted.
You feel yourself slow down.
You can read scrolls again.
* * * LOW HITPOINT WARNING * * *
You feel sick.
Unknown command.
You die...

#.# #+## #.# ##...##
#.#### ##.....##
#.##.## ##.......##
#.#...####.........#
#........).........+
#.#...####.........#
#.##.## ##.....>.#
#.#### ##.@...##
####.#### ##...##
#.......# ##+##
#.##.##.# #.#
#.##.##.# #.#
#.##.##.# ##.##
#.##.##.# ##...##
#.##.##.# #.....#
#.##.##.########....#


There were no monsters in sight!

Vanquished Creatures
  Jessica (D:2)
  A worm (D:2)
  A dart slug (D:1)
  2 endoplasms (D:1)
  3 giant cockroaches
  2 goblins
  A hobgoblin (D:1)
  5 ball pythons (D:1)
  2 bats (D:1)
  2 rats (D:1)
20 creatures vanquished.

Notes
Turn   | Place    | Note
-------+----------+-------------------------------------------
     0 | Abyss:1  | Gargoyl the Felid Abyssal Knight began the quest for the
                  | Orb.
     0 | Abyss:1  | Reached XP level 1. HP: 10/10 MP: 3/3
    75 | Abyss:2  | Noticed a neqoxec
    78 | Abyss:2  | Gained mutation: You sometimes lose the ability to read
                  | scrolls when taking damage. [a neqoxec]
   177 | Abyss:3  | Noticed a wretched star
   177 | D:1      | Escaped the Abyss
   502 | D:1      | Reached XP level 2. HP: 2/14 MP: 4/4
  1030 | D:1      | Reached * piety under Lugonu
  1610 | D:2      | Reached skill level 1 in Stealth
  1775 | D:2      | Noticed Jessica
  1794 | D:2      | Killed Jessica
  1795 | D:2      | Reached XP level 3. HP: 7/17 MP: 5/5
  1800 | D:2      | Succumbed to Jessica's poison

Illustrated notes

Levels and vault maps discovered:
D:1:      lightli_arrival_flooded_house, layout_basic
D:2:      layout_loops_corners, minmay_crystal_water,
          kennysheep_generic_room_10, uniq_jessica, uniq_terence

Skill      XL: |  1  2 |
---------------+-------+-----
Stealth        | 1 |  1.5
Fighting       | |  3.6
Dodging        | |  3.6
Unarmed Combat | |  2.8
Invocations    | |  1.9

Action                   || total
-------------------------++-------
Melee: Unarmed           ||    65
       Bite              ||     3
Invok: Depart the Abyss  ||     1
  Use: Potion            ||     2
 Stab: Sleeping          ||     3
       Invisible         ||     1
Armor: Skin              ||     3
Dodge: Dodged            ||    56

Table legend: (Time is in decaauts)
 A = Elapsed time spent in this place.
 B = Non-inter-level travel time spent in this place.
 C = Inter-level travel time spent in this place.
 D = Time resting spent in this place.
 E = Time spent auto-exploring this place.
 F = Levels seen in this place.
 G = Mean time per level.
                   A        B        C        D        E       F      G
               +--------+--------+--------+--------+--------+-----+--------+
         Total |   1685 |   1671 |     14 |    784 |    693 |   5 |  337.0 |
       Dungeon |   1523 |   1509 |     14 |    690 |    643 |   2 |  761.5 |
         Abyss |    161 |    161 |      0 |     94 |     49 |   3 |   53.7 |
               +--------+--------+--------+--------+--------+-----+--------+

Top non-repeatable levels by time:
     D:1: 1320 daAuts
     D:2: 203 daAuts
 Abyss:3: 94 daAuts
 Abyss:2: 44 daAuts
 Abyss:1: 22 daAuts
